 Dungeon Sprint DCSS version 0.22.1-2-g9c5b331383 (webtiles) character file.

217274 Groucho the Contemplative (level 19, -7/226 HPs)
             Began as a Naga Fighter on Dec 20, 2018.
             Was a Priest of Cheibriados.
             Killed from afar by Cerebov (31 damage)
             ... with an iron shot
             ... in the Dungeon (Sprint VII: "The Pits").
             The game lasted 00:38:00 (8978 turns).

Groucho the Contemplative (Naga Fighter)            Turns: 8978, Time: 00:38:01

Health: -7/226     AC: 57    Str: 25    XL:     19   Next: 47%
Magic:  25/36      EV: 21    Int: 16    God:    Cheibriados [***...]
Gold:   231        SH: 29    Dex: 28    Spells: 18/18 levels left

rFire    + + +     SeeInvis +   a - +9 broad axe
rCold    + + +     Gourm    .   T - +3 large shield {rF+}
rNeg     + + +     Faith    .   S - +10 gold dragon scales
rPois    +         Spirit   .   E - +1 helmet
rElec    +         Reflect  .   D - +4 dragonskin cloak
rCorr    +         Harm     .   l - +1 pair of gloves
MR       ++...     NoTele   +   I - +2 naga barding
Stlth    ..........             G - amulet "Zucziwon" {rElec rN++ Regen+ Str-3 Slay+5}
HPRegen  0.87/turn              j - ring "Lueruw" {+Fly rC+++ rN+ Dex-3 Slay+5}
MPRegen  0.25/turn              H - ring "Pyafeaps" {rElec rF+++ Str-5 Slay+5 Stlth-}

@: mighty, agile, resistant, studying Fire Magic, very slow
A: large, see invisible, deformed body, poison resistance, slowness 2, slow
metabolism 1, spit poison 1, constrict 1, AC +6
a: Spit Poison, Bend Time, Temporal Distortion, Renounce Religion, Evoke Flight


You were in the Dungeon.
You worshipped Cheibriados.
Cheibriados was most pleased with you.
You were not hungry.

You visited 1 branch You collected 231 gold pieces.

Inventory:

Hand Weapons
 a - a +9 broad axe (weapon)
 h - a +2 morningstar of crushing
 K - the +6 broad axe "Piuduh" {chop, rF+ rC+ rN+}
   (You found it in the Dungeon)

   It inflicts extra damage upon your enemies.
   It protects you from fire.
   It protects you from cold.
   It protects you from negative energy.
Missiles
 w - 17 javelins (quivered)
Armour
 l - a +1 pair of gloves (worn)
 D - the +4 dragonskin cloak (worn)
   (You took it off Tiamat in the Dungeon)
 E - a +1 helmet (worn)
 I - a +2 naga barding (worn)
 S - +10 gold dragon scales (worn)
 T - a +3 large shield of fire resistance (worn)
Jewellery
 c - the ring "Jaecve" {rF+ rC+ EV+6}
   (You found it in the Dungeon)

   [ring of evasion]

   It affects your evasion (+6).
   It protects you from fire.
   It protects you from cold.
 j - the ring "Lueruw" (left hand) {+Fly rC+++ rN+ Dex-3 Slay+5}
   (You found it in the Dungeon)

   [ring of positive energy]

   It affects your dexterity (-3).
   It affects your accuracy and damage with ranged weapons and melee attacks
   (+5).
   It renders you almost immune to cold.
   It protects you from negative energy.
   It lets you fly.
 r - the ring of Zyomias {*Slow rN+++ Str-3 Int+6 SInv}
   (You found it in the Dungeon)

   [ring of intelligence]

   It affects your strength (-3).
   It affects your intelligence (+6).
   It renders you almost immune to negative energy.
   It lets you see invisible.
   It may slow you when you take damage.
 v - a +2 ring of strength
 C - the amulet of the Elephant {RegenMP rF+ MP+9 Str-5 Dex+4}
   (You found it in the Dungeon)

   [amulet of magic regeneration]

   It increases your magic regeneration.
   It affects your strength (-5).
   It affects your dexterity (+4).
   It protects you from fire.
   It affects your magic capacity (+9).
 F - the ring "Uschyme" {MP+9 Str+4 Int+3}
   (You found it in the Dungeon)

   [ring of magical power]

   It affects your strength (+4).
   It affects your intelligence (+3).
   It affects your magic capacity (+9).
 G - the amulet "Zucziwon" (around neck) {rElec rN++ Regen+ Str-3 Slay+5}
   (You found it in the Dungeon)

   [amulet of regeneration]

   It affects your strength (-3).
   It affects your accuracy and damage with ranged weapons and melee attacks
   (+5).
   It insulates you from electricity.
   It greatly protects you from negative energy.
   It increases your rate of regeneration.
 H - the ring "Pyafeaps" (right hand) {rElec rF+++ Str-5 Slay+5 Stlth-}
   (You found it in the Dungeon)

   [ring of slaying]

   It affects your strength (-5).
   It affects your accuracy and damage with ranged weapons and melee attacks
   (+5).
   It renders you almost immune to fire.
   It insulates you from electricity.
   It makes you less stealthy.
 L - a +4 ring of dexterity
 O - the ring "Ystrioss" {rPois rN+ Dex+3}
   (You found it in the Dungeon)

   [ring of poison resistance]

   It affects your dexterity (+3).
   It protects you from poison.
   It protects you from negative energy.
 Q - the amulet "Onir" {Faith Dex+2}
   (You found it in the Dungeon)

   [amulet of faith]

   It allows you to gain divine favour quickly.
   It affects your dexterity (+2).
 R - the ring "Uguckuha" {rPois MP+9 Dex+2 SInv}
   (You found it in the Dungeon)

   [ring of see invisible]

   It affects your dexterity (+2).
   It protects you from poison.
   It affects your magic capacity (+9).
   It lets you see invisible.
Wands
 B - a wand of paralysis (15)
 P - a wand of flame (25)
Scrolls
 k - 5 scrolls of blinking
 n - 7 scrolls of remove curse
 o - 5 scrolls of amnesia
 p - a scroll of summoning
 x - 3 scrolls of fog
 y - 4 scrolls of fear
 z - 7 scrolls of identify
 A - 3 scrolls of enchant weapon
 N - 2 scrolls of magic mapping
Potions
 b - 14 potions of curing
 d - 2 potions of might
 e - 2 potions of brilliance
 i - 4 potions of magic
 m - 2 potions of invisibility
 q - 2 potions of flight
 t - 7 potions of agility
 u - a potion of resistance
Books
 s - a manual of Fire Magic
Comestibles
 f - 12 rations


   Skills:
 O Level 27 Fighting
 + Level 18.1 Axes
 + Level 23.9 Armour
 + Level 19.9 Dodging
 + Level 23.9 Shields
 O Level 27 Invocations


You had 18 spell levels left.
You didn't know any spells.
Your spell library was empty.

Dungeon Overview and Level Annotations

Branches:
Dungeon (1/1)

Altars:
Ashenzari
Cheibriados
Dithmenos
Elyvilon
Fedhas
Gozag
Hepliaklqana
Kikubaaqudgha
Makhleb
Nemelex Xobeh
Okawaru
Qazlal
Ru
Sif Muna
Trog
Uskayaw
Vehumet
Wu Jian
Xom
Yredelemnul
Zin
The Shining One
Beogh
Jiyva
Lugonu

Annotations:
D Cerebov


Innate Abilities, Weirdness & Mutations

You cannot wear boots.
Your serpentine skin is tough. (AC +6)
You have supernaturally acute eyesight. (SInv)
Armour fits poorly on your strangely shaped body.
Your system is resistant to poisons. (rPois)
You cover ground very slowly.
You have a slow metabolism.
You can spit poison.
You can use your snake-like lower body to constrict enemies.


Message History

Unknown command.
You slash Cerebov!
Cerebov is severely wounded.
Cerebov gestures.
Cerebov seems to speed up.
Unknown command.
You open Cerebov like a pillowcase!!!
Cerebov is almost dead.
You block Cerebov's attack.
You slice Cerebov!!
Cerebov is almost dead.
The tormentor calls on the powers of darkness!
Your body is wracked with pain!
* * * LOW HITPOINT WARNING * * *
Unknown command.
You slice Cerebov!!
Cerebov is almost dead.
Cerebov gestures.
Cerebov gestures at you. The iron shot hits you!
You die...

###
+#.###.##
#.22&@..#
##.###2###
##'.##
#...#
##))#
#)#.#+#
##.###.##
#...')..#
##'.'##.+#


You could see Cerebov, a hell beast, a balrug and a tormentor.

Vanquished Creatures
  Dissolution (D)
  Tiamat (D)
  A pandemonium lord (D)
  2 greater mummies (D)
  Boris (D)
  Frederick (D)
  A Killer Klown (D)
  Jory (D)
  A bone dragon (D)
  A lich (D)
  3 pearl dragons (D)
  An electric golem (D)
  A tentacled monstrosity (D)
  Rupert (D)
  An Ice Fiend (D)
  2 deep elf blademasters (D)
  4 titans (D)
  6 deep elf master archers (D)
  An acid blob (D)
  An Executioner (D)
  A death cob (D)
  2 sphinxes (D)
  3 nagarajas (D)
  A storm dragon (D)
  A daeva (D)
  A draconian knight (D)
  2 iron dragons (D)
  A ghost moth (D)
  3 fire giants (D)
  2 deep elf sorcerers (D)
  3 orc warlords (D)
  2 frost giants (D)
  An emperor scorpion (D)
  2 angels (D)
  2 draconian stormcallers (D)
  2 ghouls (D)
  2 balrugs (D)
  2 ophanim (D)
  A draconian annihilator (D)
  3 vampire knights (D)
  2 green draconians (D)
  An apis (D)
  2 dire elephants (D)
  4 deep elf demonologists (D)
  3 red draconians (D)
  2 purple draconians (D)
  4 white draconians (D)
  3 black draconians (D)
  A lorocyproca (D)
  A minotaur (D)
  A yellow draconian (D)
  An eidolon (D)
  4 green deaths (D)
  A blizzard demon (D)
  A mummy priest (D)
  2 ettins (D)
  3 deep elf death magi (D)
  2 yaktaur captains (D)
  A death ooze (D)
  A fire dragon (D)
  2 great orbs of eyes (D)
  3 ice dragons (D)
  2 naga warriors (D)
  2 hell beasts (D)
  10 vault guards (D)
  A hydra (D)
  2 alligators (D)
  A catoblepas (D)
  An ogre mage (D)
  A death knight (D)
  2 dancing weapons (D)
  2 deep troll earth magi (D)
  A deep troll shaman (D)
  3 vampire magi (D)
  7 death yaks (D)
  13 hell knights (D)
  A spriggan berserker (D)
  A soul eater (D)
  2 fire crabs (D)
  2 shadow wraiths (D)
  2 sun demons (D)
  A sixfirhy (D)
  A sea snake (D)
  10 wizards (D)
  A flayed ghost (D)
  A swamp dragon (D)
  A cherub (D)
  2 unseen horrors (D)
  19 necromancers (D)
  2 orc sorcerers (D)
  12 orc knights (D)
  A manticore (D)
  A wolf spider (D)
  3 deep elf magi (D)
  A cyclops (D)
  A merfolk siren (D)
  2 naga magi (D)
  2 eyes of devastation (D)
  An elephant (D)
  Psyche (D)
  2 smoke demons (D)
  A hellion (D)
  A rime drake (D)
  2 efreet (D)
  3 ice devils (D)
  7 yaktaurs (D)
  4 wandering mushrooms (D)
  A red devil (D)
  A guardian mummy (D)
  2 jumping spiders (D)
  3 tyrant leeches (D)
  A bog body (D)
  2 hornets (D)
  16 dream sheep (D)
  A wind drake (D)
  A hippogriff (D)
  A snapping turtle (D)
  A redback (D)
  2 vampires (D)
  2 air elementals (D)
  3 spriggans (D)
  A shadow (D)
  A wyvern (D)
  4 yaks (D)
  A water elemental (D)
  A fire bat (D)
  6 humans (D)
  A golden eye (D)
  A neqoxec (D)
  A chaos spawn (D)
  2 fire elementals (D)
  A soldier ant (D)
  A floating eye (D)
  5 hell hounds (D)
  A porcupine (D)
  A swamp drake (D)
  7 orc warriors (D)
  2 eyes of draining (D)
  2 necrophages (D)
  3 ogres (D)
  A centaur (D)
  A crocodile (D)
  A gnoll sergeant (D)
  An earth elemental (D)
  A scorpion (D)
  4 killer bees (D)
  Crazy Yiuf (D)
  2 orc priests (D)
  An iron imp (D)
  An iguana (D)
  2 orc wizards (D)
  A worker ant (D)
  5 gnolls (D)
  2 adders (D)
  A white imp (D)
  An ufetubus (D)
  An ooze (D)
  An adder zombie (D)
  A leopard gecko (D)
  9 orcs (D)
  A bat (D)
  2 giant cockroaches (D)
  A hobgoblin (D)
  2 jackals (D)
  3 ball pythons (D)
  A ball python skeleton (D)
  A ball python zombie (D)
  A frilled lizard (D)
  3 kobolds (D)
  A quokka skeleton (D)
386 creatures vanquished.

Vanquished Creatures (others)
  A hornet (D)
  A spriggan (D)
  A small abomination (D)
  A bat simulacrum (D)
4 creatures vanquished.

Grand Total: 390 creatures vanquished

Notes
Turn   | Place    | Note
-------+----------+-------------------------------------------
     0 | D        | Groucho the Naga Fighter began the quest for the Orb.
     0 | D        | Reached XP level 1. HP: 21/21 MP: 1/1
    41 | D        | Found a bloodstained altar of Trog.
    41 | D        | Found a deep blue altar of Sif Muna.
    41 | D        | Found a viscous altar of Jiyva.
    41 | D        | Found a hazy altar of Hepliaklqana.
    41 | D        | Found an opulent altar of Gozag.
    42 | D        | Found a glowing golden altar of the Shining One.
    42 | D        | Found a glowing silver altar of Zin.
    42 | D        | Found a basalt altar of Yredelemnul.
    42 | D        | Found a shimmering altar of Xom.
    42 | D        | Found an ornate altar of the Wu Jian Council.
    42 | D        | Found a sacrificial altar of Ru.
    42 | D        | Found a stormy altar of Qazlal.
    42 | D        | Found an iron altar of Okawaru.
    42 | D        | Found a sparkling altar of Nemelex Xobeh.
    42 | D        | Found a burning altar of Makhleb.
    42 | D        | Found a blossoming altar of Fedhas.
    42 | D        | Found a white marble altar of Elyvilon.
    42 | D        | Found a shadowy altar of Dithmenos.
    42 | D        | Found a snail-covered altar of Cheibriados.
    45 | D        | Found a corrupted altar of Lugonu.
    45 | D        | Found a radiant altar of Vehumet.
    45 | D        | Found a roughly hewn altar of Beogh.
    46 | D        | Found an ancient bone altar of Kikubaaqudgha.
    46 | D        | Found a hide-covered altar of Uskayaw.
    46 | D        | Found a shattered altar of Ashenzari.
    53 | D        | Became a worshipper of Cheibriados the Contemplative
    78 | D        | Reached * piety under Cheibriados
    78 | D        | Reached skill level 1 in Invocations
    78 | D        | Reached XP level 2. HP: 28/28 MP: 1/3
    87 | D        | Reached ** piety under Cheibriados
   106 | D        | Reached *** piety under Cheibriados
   106 | D        | Reached XP level 3. HP: 14/34 MP: 3/6
   470 | D        | Reached **** piety under Cheibriados
   536 | D        | Noticed a scorpion
   540 | D        | Reached skill level 5 in Axes
   540 | D        | Reached skill level 5 in Invocations
   540 | D        | Reached XP level 4. HP: 42/42 MP: 6/8
   540 | D        | Reached ***** piety under Cheibriados
   540 | D        | Noticed a gnoll sergeant
   552 | D        | Killed a gnoll sergeant
   552 | D        | Reached XP level 5. HP: 32/49 MP: 3/10
   572 | D        | Reached XP level 6. HP: 40/56 MP: 7/12
   576 | D        | Reached ****** piety under Cheibriados
   582 | D        | Noticed an orc warrior
   585 | D        | Killed an orc warrior
   785 | D        | Noticed a deep elf mage
   790 | D        | Killed a deep elf mage
   790 | D        | Reached XP level 7. HP: 61/62 MP: 13/16
   793 | D        | Noticed Crazy Yiuf
   794 | D        | Killed Crazy Yiuf
   859 | D        | Noticed a smoke demon
   859 | D        | Noticed an eidolon
   861 | D        | Killed a smoke demon
   861 | D        | Reached XP level 8. HP: 56/73 MP: 11/17
   864 | D        | Killed an eidolon
   864 | D        | Reached skill level 5 in Armour
   864 | D        | Reached skill level 5 in Shields
   864 | D        | Reached XP level 9. HP: 66/85 MP: 6/18
  1160 | D        | Noticed Psyche
  1163 | D        | Killed Psyche
  1190 | D        | Noticed a smoke demon
  1194 | D        | Reached XP level 10. HP: 67/98 MP: 19/19
  1195 | D        | Killed a smoke demon
  1575 | D        | Noticed a sea snake
  1582 | D        | Killed a sea snake
  1790 | D        | Noticed a manticore
  1790 | D        | Noticed a deep elf mage
  1793 | D        | Killed a deep elf mage
  1793 | D        | Reached skill level 10 in Fighting
  1793 | D        | Killed a manticore
  1967 | D        | Noticed an elephant
  1969 | D        | Reached XP level 11. HP: 110/110 MP: 14/20
  1972 | D        | Reached skill level 15 in Axes
  2022 | D        | Noticed a shadow wraith
  2025 | D        | Killed a shadow wraith
  2185 | D        | Noticed an orc sorcerer
  2185 | D        | Noticed an orc sorcerer
  2185 | D        | Noticed a great orb of eyes
  2186 | D        | Noticed a death yak
  2186 | D        | Noticed a five-headed hydra
  2186 | D        | Noticed an orc knight
  2188 | D        | Killed an orc sorcerer
  2188 | D        | Killed an orc sorcerer
  2188 | D        | Reached skill level 10 in Armour
  2188 | D        | Reached skill level 10 in Shields
  2189 | D        | Killed a great orb of eyes
  2189 | D        | Killed an orc knight
  2189 | D        | Killed a five-headed hydra
  2189 | D        | Killed a death yak
  2760 | D        | Noticed a shadow wraith
  2763 | D        | Killed a shadow wraith
  2765 | D        | Reached XP level 12. HP: 103/123 MP: 11/21
  2899 | D        | Noticed an orc warlord
  2900 | D        | Noticed an orc warlord
  2910 | D        | Killed an orc warlord
  2912 | D        | Killed an orc warlord
  3157 | D        | Noticed a naga warrior
  3157 | D        | Noticed a yaktaur captain
  3158 | D        | Noticed a vault guard
  3161 | D        | Gained mutation: You can use your snake-like lower body to
                  | constrict enemies. [Naga growth]
  3161 | D        | Reached XP level 13. HP: 132/136 MP: 16/22
  3162 | D        | Killed a vault guard
  3163 | D        | Killed a yaktaur captain
  3165 | D        | Reached skill level 15 in Fighting
  3169 | D        | Noticed an ophan
  3173 | D        | Killed an ophan
  3396 | D        | Found the +2 pair of boots of the Assassin {Detection Stab+
                  | Stlth++}
  3478 | D        | Noticed a vault guard
  3479 | D        | Noticed a yaktaur captain
  3483 | D        | Killed a vault guard
  3485 | D        | Killed a yaktaur captain
  3486 | D        | Noticed a fire dragon
  3490 | D        | Noticed a vault guard
  3514 | D        | Killed a fire dragon
  3517 | D        | Killed a vault guard
  3833 | D        | Noticed a deep elf demonologist
  3834 | D        | Noticed a death cob
  3834 | D        | Noticed Boris
  3834 | D        | Noticed a vampire knight
  3835 | D        | Noticed a balrug
  3837 | D        | Killed a death cob
  3838 | D        | Killed a deep elf demonologist
  3838 | D        | Killed a vampire knight
  3845 | D        | Killed Boris
  3845 | D        | Reached skill level 15 in Invocations
  3845 | D        | Reached XP level 14. HP: 71/151 MP: 4/25
  4141 | D        | Noticed Rupert
  4151 | D        | Noticed a storm dragon
  4157 | D        | Killed Rupert
  4157 | D        | Reached skill level 15 in Armour
  4157 | D        | Reached skill level 15 in Shields
  4163 | D        | Killed a storm dragon
  4189 | D        | Got the ring "Gewuod" {rF+ Str+3 Int-2 SInv}
  4748 | D        | Noticed a black draconian
  4752 | D        | Noticed a black draconian knight
  4757 | D        | Killed a black draconian
  4764 | D        | Killed a black draconian knight
  4768 | D        | Noticed a white draconian
  4789 | D        | Killed a white draconian
  5058 | D        | Noticed a sphinx
  5073 | D        | Noticed a nagaraja
  5077 | D        | Noticed a deep elf sorcerer
  5078 | D        | Killed a sphinx
  5078 | D        | Reached skill level 1 in Dodging
  5079 | D        | Killed a nagaraja
  5081 | D        | Killed a deep elf sorcerer
  5196 | D        | Noticed a nagaraja
  5201 | D        | Killed a nagaraja
  5201 | D        | Reached XP level 15. HP: 164/165 MP: 27/27
  5467 | D        | Noticed a deep elf sorcerer
  5471 | D        | Killed a deep elf sorcerer
  5479 | D        | Got the ring "Uschyme" {MP+9 Str+4 Int+3}
  5482 | D        | Got the amulet "Koheulas" {Gourm rElec Str+2 Int-5}
  5485 | D        | Got the amulet of Alyruirch {Faith Fragile rElec rPois}
  5488 | D        | Got the amulet of the Establishment {RegenMP Fragile +Blink
                  | rN+ Int+2}
  5491 | D        | Got the amulet "Zucziwon" {rElec rN++ Regen+ Str-3 Slay+5}
  5493 | D        | Got the amulet of the Tempest {*Slow Regen+ Dex+6 SInv}
  5496 | D        | Got the ring of Oremaen {+Blink +Fly MR+}
  5500 | D        | Got the ring "Pyafeaps" {rElec rF+++ Str-5 Slay+5 Stlth-}
  5502 | D        | Got the ring of Xom's Reproof {rElec rF- Str+2 Int+3 Dex+3}
  5505 | D        | Got the amulet "Raj Orgh" {Spirit rN+}
  5508 | D        | Got the amulet "Jegot" {Faith -Tele rElec Int+2}
  5511 | D        | Got the amulet of Vuik {Inacc rC+ Str-2 Dex+9 SInv}
  5514 | D        | Got the amulet of Mysticism {Gourm rPois rC+ Str+2}
  5517 | D        | Got the ring of the Lizard {Wiz rElec rF- Stlth+}
  5547 | D        | Reached skill level 5 in Dodging
  5553 | D        | Got the ring "Affiwecw" {Ice MP+9 Int+3}
  5556 | D        | Got the ring "Quduf" {Ice *Drain rElec rPois}
  5559 | D        | Got the ring of Gluttony {+Blink SInv}
  5562 | D        | Got the ring of Ycayqics {rPois rF++ Str-2 SInv Stlth+}
  5565 | D        | Got the ring "Gongathru" {Wiz +Blink}
  5568 | D        | Got the ring of the Suburbs {rElec rN+ SInv}
  5571 | D        | Got the ring of Basiw {rElec rF+ Str-3 Int+5 SInv}
  5574 | D        | Got the ring "Jaecve" {rF+ rC+ EV+6}
  5576 | D        | Got the ring "Weruf" {rPois rN+ MR- Int+2}
  5579 | D        | Got the ring "Lueruw" {+Fly rC+++ rN+ Dex-3 Slay+5}
  5581 | D        | Got the ring "Dikaogh" {+Fly rElec rC+ Stlth+}
  5584 | D        | Got the ring "Naocsox" {rN+ Int-2 Dex+2 SInv}
  5587 | D        | Got the ring "Loimiofe" {+Blink rPois rC+ rN+}
  5591 | D        | Got the ring of Zyomias {*Slow rN+++ Str-3 Int+6 SInv}
  5633 | D        | Noticed a daeva
  5644 | D        | Killed a daeva
  5743 | D        | Noticed a Brimstone Fiend
  5750 | D        | Noticed a deep elf blademaster
  5756 | D        | Killed a deep elf blademaster
  5762 | D        | Noticed a frost giant
  5781 | D        | Killed a frost giant
  5849 | D        | Noticed an orc warlord
  5857 | D        | Killed an orc warlord
  5882 | D        | Noticed a fire giant
  5883 | D        | Noticed a frost giant
  5886 | D        | Noticed an acid blob
  5893 | D        | Reached XP level 16. HP: 167/178 MP: 26/29
  5905 | D        | Killed an acid blob
  5983 | D        | Reached skill level 10 in Dodging
  6039 | D        | Got the +6 broad axe "Piuduh" {chop, rF+ rC+ rN+}
  6146 | D        | Noticed Frederick
  6153 | D        | Killed Frederick
  6163 | D        | Got the amulet of the Elephant {RegenMP rF+ MP+9 Str-5
                  | Dex+4}
  6217 | D        | Got the ring "Ystrioss" {rPois rN+ Dex+3}
  6261 | D        | Noticed a deep elf master archer
  6261 | D        | Noticed a deep elf blademaster
  6274 | D        | Killed a deep elf blademaster
  6274 | D        | Reached XP level 17. HP: 191/193 MP: 30/32
  6281 | D        | Killed a deep elf master archer
  6305 | D        | Noticed a tentacled monstrosity
  6312 | D        | Killed a tentacled monstrosity
  6320 | D        | Found the +9 staff of Wucad Mu {channel}
  6443 | D        | Noticed a deep elf master archer
  6446 | D        | Killed a deep elf master archer
  6678 | D        | Noticed a greater mummy
  6696 | D        | Killed a greater mummy
  6891 | D        | Noticed a deep elf master archer
  6891 | D        | Noticed a titan
  6898 | D        | Killed a deep elf master archer
  6900 | D        | Killed a titan
  6900 | D        | Reached skill level 15 in Dodging
  6906 | D        | Noticed a deep elf master archer
  6909 | D        | Killed a deep elf master archer
  6915 | D        | Noticed Wyinke the pandemonium lord
  6922 | D        | Killed Wyinke the pandemonium lord
  6922 | D        | Reached XP level 18. HP: 58/208 MP: 23/34
  7398 | D        | Noticed a deep elf master archer
  7402 | D        | Killed a deep elf master archer
  7418 | D        | Got the ring "Lysma" {rN++ MR+ Int+5 Stlth-}
  7420 | D        | Got the ring "Uguckuha" {rPois MP+9 Dex+2 SInv}
  7423 | D        | Got the ring "Tygaudgh" {rPois rC- rN+ Int+2}
  7426 | D        | Got the ring "Cevastia" {rN++ EV+2 Str+3 Int-4 Dex+2}
  7429 | D        | Got the ring "Dazetwat" {*Drain Str+4 Dex+5 SInv}
  7432 | D        | Got the amulet of Koemopta {+Rage Int+2 Dex+7}
  7437 | D        | Got the amulet "Onir" {Faith Dex+2}
  7439 | D        | Got the amulet of the Endless Expanse {RegenMP rF+ rN++
                  | Int-3 Slay+2}
  7573 | D        | Noticed a bone dragon
  7580 | D        | Killed a bone dragon
  7859 | D        | Noticed an Ice Fiend
  7866 | D        | Killed an Ice Fiend
  7886 | D        | Noticed a pearl dragon
  7894 | D        | Killed a pearl dragon
  7899 | D        | Noticed Jory
  7899 | D        | Noticed a Killer Klown
  7904 | D        | Killed a Killer Klown
  7914 | D        | Killed Jory
  8186 | D        | Noticed a deep elf master archer
  8191 | D        | Killed a deep elf master archer
  8194 | D        | Noticed a lich
  8200 | D        | Killed a lich
  8205 | D        | Noticed a titan
  8212 | D        | Killed a titan
  8216 | D        | Noticed an electric golem
  8225 | D        | Killed an electric golem
  8228 | D        | Noticed a pearl dragon
  8232 | D        | Killed a pearl dragon
  8235 | D        | Noticed a titan
  8244 | D        | Killed a titan
  8260 | D        | Noticed Tiamat
  8278 | D        | Reached XP level 19. HP: 132/223 MP: 36/36
  8281 | D        | Noticed a greater mummy
  8294 | D        | Killed a greater mummy
  8296 | D        | Killed Tiamat
  8296 | D        | Reached skill level 27 in Invocations
  8606 | D        | Noticed Dissolution
  8606 | D        | Noticed a pearl dragon
  8616 | D        | Killed a pearl dragon
  8621 | D        | Killed Dissolution
  8621 | D        | Reached skill level 27 in Fighting
  8930 | D        | Noticed Cerebov
  8958 | D        | Noticed a Tzitzimitl
  8978 | D        | Killed from afar by Cerebov

Skill      XL: |  1  2  3  4  5  6  7  8  9 10 11 12 13 14 15 16 17 18 19 |
---------------+----------------------------------------------------------+-----
Axes           | 3 4 5 7 8 11 12 13 14 16 17 18 | 18.1
Invocations    | 1 4 5 7 8 12 15 17 19 22 24 26 27 | 27.0
Fighting       | 4 6 8 10 12 14 16 18 20 22 24 26 27 | 27.0
Armour         | 3 5 7 9 10 12 14 16 17 19 21 22 23 | 23.9
Shields        | 3 5 7 9 10 12 14 16 17 19 21 22 23 | 23.9
Dodging        | 3 9 12 15 18 19 | 19.9

Action                   |  1- 3 |  4- 6 |  7- 9 | 10-12 | 13-15 | 16-18 | 19-21 || total
-------------------------+-------+-------+-------+-------+-------+-------+-------++-------
Melee: War axe           |    28 |       |       |       |       |       |       ||    28
       Hand axe          |       |    30 |     3 |       |       |       |       ||    33
       Broad axe         |       |       |     4 |    70 |   232 |   219 |    56 ||   581
       Constrict         |       |       |       |       |    42 |    32 |       ||    74
Invok: Slouch            |       |     1 |     5 |    23 |    32 |    33 |    16 ||   110
  Use: Potion            |     1 |       |       |       |     8 |    10 |     8 ||    27
       Scroll            |       |       |       |       |       |     1 |       ||     1
 Stab: Petrified         |       |       |       |       |       |     2 |       ||     2
  Eat: Ration            |       |       |       |     2 |     3 |     2 |     1 ||     8
Armor: Scale mail        |     6 |     6 |       |       |       |       |       ||    12
       Chain mail        |       |       |     6 |    27 |       |       |       ||    33
       Plate armour      |       |       |       |     1 |   140 |     5 |       ||   146
       Gold dragon scale |       |       |       |       |       |   147 |    23 ||   170
Dodge: Dodged            |    12 |     3 |     2 |    15 |    60 |    73 |    10 ||   175
Block: Shield            |    15 |     9 |     4 |    57 |   184 |    25 |       ||   294
       Large shield      |       |       |       |       |       |   271 |    58 ||   329
